 Dungeon Crawl Stone Soup version 0.32-a0-675-gdc239d62e1 (webtiles) character file.

Game seed: 11299779926809249858

2289 GeoRichter the Carver (level 8, -1/94 HPs)
             Began as a Coglin Warper on Mar 11, 2024.
             Was a Believer of Ru.
             Slain by an orc
             ... wielding a +0 flail
              (5 damage)
             ... on level 6 of the Dungeon.
             The game lasted 00:11:47 (6095 turns).

GeoRichter the Carver (Coglin Warper)               Turns: 6095, Time: 00:11:47

Health: -1/94      AC: 24    Str: 12    XL:     8   Next: 39%
Magic:  10/10      EV:  2    Int: 12    God:    Ru [**....]
Gold:   246        SH:  0    Dex: 16    Spells: 10/10 levels left

rFire   . . .        a - +0 falchion {Kai}
rCold   . . .        j - +1 dagger (speed) {Wilfreda}
rNeg    . . .        f - melded +0 scale mail
rPois   +            k - melded +0 helmet
rElec   .            g - melded +0 cloak
rCorr   .            (gloves currently unavailable)
SInv    .            (boots currently unavailable)
Will    .....        (no amulet)
Stlth   +            (no ring)
HPRegen 0.35/turn    (no ring)
MPRegen 0.12/turn    (no gizmo)

%: no passive effects
@: lethally poisoned (-1 -> -5), tree-form, revved
A: stationary, stasis, torment immunity, boosted hp, inability to drink after
injury 2, inexperienced 1, off-hand wielding, slow wielding, warmup strikes, (no
jewellery)
a: Invent Gizmo, Renounce Religion


You were on level 6 of the Dungeon.
You worshipped Ru.
Ru was pleased with you.
You were a tree.
You visited 1 branch of the dungeon, and saw 6 of its levels.

You collected 246 gold pieces.

Inventory:

Hand Weapons
 a - a +0 falchion (weapon) {Kai}
 j - a +1 dagger of speed (offhand) {Wilfreda}
   (You took it off a goblin on level 2 of the Dungeon)
Missiles
 b - 9 poisoned darts
 d - 7 darts of dispersal (quivered) {!f}
Armour
 f - a +0 scale mail (melded)
   (You found it on level 1 of the Dungeon)
 g - a +0 cloak (melded)
   (You found it on level 4 of the Dungeon)
 k - a +0 helmet (melded)
   (You took it off Robin on level 2 of the Dungeon)
 p - an orb of energy
   (You took it off Jeremiah on level 5 of the Dungeon)
Wands
 l - a wand of iceblast (8)
   (You found it on level 4 of the Dungeon)
 t - a wand of flame (9)
   (You found it on level 4 of the Dungeon)
Scrolls
 c - a scroll of blinking
 h - 2 scrolls of teleportation {unknown}
 i - a scroll of immolation {unknown}
 m - 2 scrolls of amnesia {unknown}
 n - 4 scrolls of identify {unknown}
 o - a scroll of poison {unknown}
 q - a scroll of enchant weapon {unknown}
 r - 3 scrolls of fear {unknown}
 s - a scroll of silence {unknown}


   Skills:
 + Level 5.6 Fighting
 * Level 10.9 Long Blades
 - Level 0.8 Throwing
 - Level 0.8 Armour
 - Level 1.7 Dodging
 - Level 1.7 Spellcasting
 - Level 3.0 Translocations
 + Level 2.9 Evocations


You had 10 spell levels left.
You didn't know any spells.
Your spell library contained the following spells:

 Spells                   Type           Power      Damage    Failure   Level
 Apportation              Tloc           16%        N/A       9%          1
 Blink                    Tloc           16%        N/A       12%         2
 Lesser Beckoning         Tloc           16%        N/A       12%         2
 Teleport Other           Tloc           8%         N/A       24%         3
 Freeze                   Ice            4%         1d3       28%         1
 Kiss of Death            Conj/Necr      4%         2d5       28%         1
 Necrotise                Necr           4%         1d4       28%         1
 Sting                    Conj/Alch      4%         1d3       28%         1
 Summon Small Mammal      Summ           4%         N/A       28%         1
 Ensorcelled Hibernation  Hex/Ice        2%         N/A       38%         2
 Sublimation of Blood     Necr           1%         N/A       38%         2
 Confusing Touch          Hex            1%         N/A       63%         3
 Frozen Ramparts          Ice            2%         1d1       63%         3
 Fugue of the Fallen      Necr           1%         N/A       63%         3
 Hailstorm                Conj/Ice       1%         3d5       63%         3
 Ozocubu's Armour         Ice            1%         N/A       63%         3
 Manifold Assault         Tloc           8%         N/A       63%         4
 Vhi's Electric Charge    Tloc/Air       8%         N/A       83%         4
 Dispel Undead            Necr           1%         3d6       95%         4
 Polar Vortex             Ice            0%         N/A       100%        9


Dungeon Overview and Level Annotations

Branches:
Dungeon (6/15) Zot: 26068
 Temple: D:4-7

Altars:
Ashenzari
Dithmenos
Kikubaaqudgha
Qazlal
Ru
Wu Jian
Xom
The Shining One

Shops:
D:5 :


Innate Abilities, Weirdness & Mutations

You are a tree.
Your roots penetrate the ground, keeping you stationary.
You cannot be teleported.
You are immune to unholy pain and torment.
Your maximum health is greatly increased.
Your equipment is partially melded.
You sometimes lose the ability to drink potions when taking damage.
You are somewhat inexperienced. (-1 XL)
You can wield a second weapon in your off-hand.
It takes a long time for you to wield or remove held weapons.
Your first few attacks do less damage.
((You cannot equip rings or amulets.))


Message History

You slash the orc warrior with your +0 falchion!
The orc warrior hits you with a +0 scimitar!
* * * LOW HITPOINT WARNING * * *
You closely miss the orc warrior with your +1 dagger of speed.
The orc warrior is almost dead.
You hit the orc warrior with your +0 falchion.
You kill the orc warrior!
You hit the scorpion with your +0 falchion.
The scorpion is lightly wounded.
You hit the scorpion but do no damage. You hit the scorpion but do no damage.
The scorpion is lightly wounded.
You barely miss the scorpion with your +0 falchion.
The scorpion barely misses you.
You hit the scorpion with your +0 falchion.
The scorpion is lightly wounded.
You hit the scorpion but do no damage. The scorpion stings you.
* * * LOW HITPOINT WARNING * * *
You hit the scorpion with your +0 falchion.
The scorpion is heavily wounded.
You hit the scorpion but do no damage. The scorpion barely misses you.
You hit the scorpion with your +0 falchion.
The scorpion is severely wounded.
You hit the scorpion with your +1 dagger of speed.
You hit the scorpion but do no damage.
The scorpion is severely wounded.
You hit the scorpion but do no damage. The scorpion stings you.
* * * LOW HITPOINT WARNING * * *
You are lethally poisoned!
The scorpion poisons you!
It was a potion of lignification.
You turn into a tree.
Your +0 cloak melds into your body.
Your +0 helmet melds into your body.
Your +0 scale mail melds into your body.
Your roots penetrate the ground.
* * * LOW HITPOINT WARNING * * *
You feel very sick.
The scorpion stings you but does no damage.
You hit the scorpion with your +0 falchion.
You kill the scorpion!
* * * LOW HITPOINT WARNING * * *
You feel sick.
You hit the orc but do no damage. x2
* * * LOW HITPOINT WARNING * * *
You feel sick.
You completely miss the orc with your +0 falchion.
You hit the orc but do no damage.
* * * LOW HITPOINT WARNING * * *
You feel sick. The orc hits you with a +0 flail.
You die...
Ru respects your ultimate sacrifice.

##.................## #..#
###.................##..
#.......................
##...............o.......
#######...........#..#.l.......
#.....).>...........###........
..######.#.............<.......
####.#..###..##....##...
##....#..o♣.........# ..
#.......o###........... .
#..........##............
##......o..........##....
#....###5#...#..... ....
#....#...#####....# ...
##.......# #..... ..
........... .. ......#..o....


You could see 2 orcs.

Vanquished Creatures
  Jeremiah (D:5)
  Edmund (D:6)
  Menkaure (D:6)
  An ice beast (D:6)
  A black bear (D:5)
  An orc warrior (D:6)
  An ogre (D:6)
  2 phantoms
  A bullfrog (D:5)
  9 scorpions
  2 howler monkeys
  A bombardier beetle (D:5)
  An orc priest (D:4)
  A hound (D:4)
  A jelly (D:6)
  3 iguanas
  Jessica (D:2)
  2 orc wizards (D:3)
  Robin (D:2)
  14 adders
  3 white imps
  3 ribbon worms
  11 orcs
  3 ball pythons
  6 endoplasms
  6 giant cockroaches
  13 goblins
  4 hobgoblins
  7 jackals
  3 quokkas
  10 bats
  2 frilled lizards
  8 kobolds
  6 rats
131 creatures vanquished.

Vanquished Creatures (others)
  An orc warrior (D:6)
  A scorpion (D:5)
  An orc (D:5)
3 creatures vanquished.

Grand Total: 134 creatures vanquished

Notes
Turn   | Place    | Note
-------+----------+-------------------------------------------
     0 | D:1      | GeoRichter the Coglin Warper began the quest for the Orb.
     0 | D:1      | Reached XP level 1. HP: 16/16 MP: 3/3
   462 | D:1      | Reached XP level 2. HP: 22/22 MP: 4/4
   572 | D:1      | Reached skill level 3 in Long Blades
   977 | D:2      | Noticed Robin
  1052 | D:2      | Reached XP level 3. HP: 27/27 MP: 5/5
  1277 | D:2      | Noticed Jessica
  1290 | D:2      | Killed Jessica
  1291 | D:2      | Reached skill level 4 in Long Blades
  1291 | D:2      | Reached XP level 4. HP: 8/33 MP: 6/6
  1528 | D:2      | Killed Robin
  1581 | D:2      | Found a faded altar of an unknown god.
  1697 | D:2      | Prayed at the altar of an unknown god.
  1697 | D:2      | Became a worshipper of Ru the Awakened
  1702 | D:2      | Gained mutation: You occasionally lose the ability to drink
                  | potions when taking damage. [Ru sacrifice]
  1702 | D:2      | Gained mutation: You sometimes lose the ability to drink
                  | potions when taking damage. [Ru sacrifice]
  1702 | D:2      | Reached * piety under Ru
  1992 | D:3      | Found an ancient bone altar of Kikubaaqudgha.
  2047 | D:3      | Reached skill level 5 in Long Blades
  2070 | D:3      | Reached XP level 5. HP: 38/38 MP: 7/7
  2460 | D:3      | Noticed a water elemental
  2463 | D:3      | Found a stormy altar of Qazlal.
  2465 | D:3      | Noticed an air elemental
  2465 | D:3      | Noticed a fire elemental
  2898 | D:4      | Reached skill level 6 in Long Blades
  2898 | D:4      | Reached XP level 6. HP: 25/44 MP: 8/8
  3248 | D:4      | Reached skill level 7 in Long Blades
  3260 | D:4      | Reached XP level 7. HP: 14/50 MP: 9/9
  3487 | D:4      | Reached skill level 8 in Long Blades
  4184 | D:5      | Entered Level 5 of the Dungeon
  4184 | D:5      | Noticed a walking crystal tome
  4184 | D:5      | Found Ytopuvept's Book Emporium.
  4188 | D:5      | Noticed a walking frostbound tome
  4219 | D:5      | Found a shadowy altar of Dithmenos.
  4406 | D:5      | Reached XP level 8. HP: 44/57 MP: 10/10
  4573 | D:5      | Gained mutation: You are somewhat inexperienced. (-1 XL)
                  | [Ru sacrifice]
  4573 | D:5      | Reached XP level 7. HP: 52/52 MP: 9/9
  4573 | D:5      | Reached ** piety under Ru
  4676 | D:5      | Found an ornate altar of the Wu Jian Council.
  4729 | D:5      | Found a broken altar of Ashenzari.
  4802 | D:5      | Reached skill level 9 in Long Blades
  5190 | D:6      | Noticed Jeremiah
  5210 | D:5      | Killed Jeremiah
  5375 | D:6      | Got the Disquisition on the Snowflakes and the Undead
  5388 | D:6      | Found a glowing golden altar of the Shining One.
  5402 | D:6      | Reached skill level 10 in Long Blades
  5603 | D:6      | Reached skill level 5 in Fighting
  5603 | D:6      | Reached XP level 8. HP: 40/62 MP: 10/10
  5714 | D:6      | Reached skill level 1 in Evocations
  5728 | D:6      | Noticed Menkaure
  5773 | D:6      | Killed Menkaure
  6005 | D:6      | Found a shimmering altar of Xom.
  6017 | D:6      | Noticed Edmund
  6021 | D:6      | Killed Edmund
  6095 | D:6      | HP: 4/94 [poisoned by a scorpion]
  6095 | D:6      | Slain by an orc

Illustrated notes

Levels and vault maps discovered:
D:1:      dpeg_arrival_rhombi, layout_loops_ring, chequers_serial_rivers_micro_c
D:2:      layout_basic, shapermc_ecumenical_altar_mp_urbaneastern,
          minmay_misc_feat_alley, uniq_robin, uniq_jessica
D:3:      layout_loops_cross, kiku_gazebo_garden_becter,
          nicolae_qazlal_style_of_elements, hangedman_feature_mirror,
          chequers_serial_rivers_small_3, guppyfry_early_lair_pool
D:4:      old_forge, layout_basic, minmay_cut_off
D:5:      minmay_spotlight, layout_loops_ring, mainiacjoe_overflow_alcove_2,
          grunt_dithmenos_smoke, evilmike_ruin_ashenzari, serial_shops,
          nicolae_shop_mannequins
D:6:      layout_cave_pools, tso_oasis_becter, overflow_temple_1_default,
          chequers_serial_rivers_micro_e, minmay_misc_feat_secret_circle,
          uniq_menkaure, uniq_jeremiah, uniq_edmund

Skill      XL: |  1  2  3  4  5  6  7  8 |
---------------+-------------------------+-----
Long Blades    | 3 4 5 6 7 10 | 10.9
Fighting       | 5 3 |  5.6
Evocations     | 2 |  2.9
Throwing       | |  0.8
Armour         | |  0.8
Dodging        | |  1.7
Spellcasting   | |  1.7
Translocations | |  3.0

Action                     |  1- 3 |  4- 6 |  7- 9 || total
---------------------------+-------+-------+-------++-------
  Melee: Dagger            |    62 |   159 |   241 ||   462
         Falchion          |    69 |   165 |   258 ||   492
 Invoke: Sacrifice Drink   |       |     1 |       ||     1
         Sacrifice Experie |       |       |     1 ||     1
  Evoke: Wand              |       |       |    14 ||    14
    Use: Potion            |       |     4 |     2 ||     6
   Stab: Distracted        |       |       |     1 ||     1
 Armour: Scale mail        |    44 |   100 |   120 ||   264
         Leather armour    |     4 |       |       ||     4
         Skin              |       |       |     2 ||     2
  Dodge: Dodged            |    30 |    53 |    79 ||   162

Table legend: (Time is in decaauts)
 A = Elapsed time spent in this place.
 B = Non-inter-level travel time spent in this place.
 C = Inter-level travel time spent in this place.
 D = Time resting spent in this place.
 E = Time spent auto-exploring this place.
 F = Levels seen in this place.
 G = Mean time per level.
                   A        B        C        D        E       F      G
               +--------+--------+--------+--------+--------+-----+--------+
         Total |   5977 |   5496 |    481 |    652 |   3702 |   6 |  996.2 |
       Dungeon |   5977 |   5496 |    481 |    652 |   3702 |   6 |  996.2 |
               +--------+--------+--------+--------+--------+-----+--------+

Top non-repeatable levels by time:
     D:4: 1391 daAuts
     D:5: 1016 daAuts
     D:1: 981 daAuts
     D:2: 939 daAuts
     D:3: 910 daAuts
     D:6: 737 daAuts
